 Dungeon Crawl Stone Soup version 0.31-a0-675-g238779eb0a (webtiles) character file.

Game seed: 17939028687692281870

8493 qw the Skirmisher (level 11, -1/71 HPs)
             Began as a Gargoyle Hunter on Sept 5, 2023.
             Was a Believer of Okawaru.
             Slain by a catoblepas (20 damage)
             ... on level 1 of the Lair of Beasts.
             The game lasted 00:04:03 (8107 turns).

qw the Skirmisher (Gargoyle Hunter)                 Turns: 8107, Time: 00:04:04

Health: -1/71      AC: 21    Str: 14    XL:     11   Next: 31%
Magic:  14/14      EV: 20    Int: 11    God:    Okawaru [**....]
Gold:   507        SH:  0    Dex: 17    Spells: 10/10 levels left

rFire   . . .        Y - +1 orcbow
rCold   . . .        (shield currently unavailable)
rNeg    + . .        f - +0 ring mail
rPois   inf          b - +1 helmet
rElec   +            (no cloak)
rCorr   .            (no gloves)
SInv    .            (no boots)
Will    .....        (no amulet)
Stlth   +++          d - +4 ring of protection
HPRegen 0.31/turn    h - +5 ring of evasion
MPRegen 0.14/turn

%: no passive effects
@: heroic
A: sickness immunity, AC +8, negative energy resistance 1, electricity
resistance, torment resistance 1, petrification resistance
a: Renounce Religion, Heroism


You were on level 1 of the Lair of Beasts.
You worshipped Okawaru.
Okawaru was pleased with you.
You visited 3 branches of the dungeon, and saw 12 of its levels.

You collected 619 gold pieces.
You spent 112 gold pieces at shops.


Innate Abilities, Weirdness & Mutations

You are immune to sickness and miasma.
Your stone body is resilient. (AC +8)
You are immune to poison.
You resist negative energy. (rN+)
You are resistant to electric shocks. (rElec)
You are resistant to unholy torment.
You are immune to petrification.


   Skills:
 - Level 9.3(14.3) Fighting
 - Level 14.0(19.0) Ranged Weapons
 + Level 3.5(8.5) Armour
 - Level 4.1(9.1) Dodging
 - Level 1.1(6.1) Stealth
 - Level 4.0 Invocations


You had 10 spell levels left.
You didn't know any spells.
Your spell library was empty.

Inventory:

Hand Weapons
 Y - a +1 orcbow (weapon)
Armour
 b - a +1 helmet (worn)
 f - a +0 ring mail (worn)
Jewellery
 d - a +4 ring of protection (left hand)
 h - a +5 ring of evasion (right hand)
Wands
 k - a wand of digging (5)
Scrolls
 i - 4 scrolls of identify
Potions
 a - a potion of enlightenment
 e - a potion of haste
 g - 3 potions of curing
 j - a potion of might

Dungeon Overview and Level Annotations

Branches:
Dungeon (10/15)            Temple (1/1) D:7            Lair (1/5) D:8
    Orc: D:9-12

Altars:
Ashenzari
Cheibriados
Dithmenos
Elyvilon
Fedhas
Hepliaklqana
Kikubaaqudgha
Makhleb
Nemelex Xobeh
Okawaru
Ru
Sif Muna
Trog
Uskayaw
Vehumet
Wu Jian
Xom
Yredelemnul
Zin

Shops:
D:4 ?

Annotations:
D:5 3 runed translucent doors, qw's ghost, amateur GrHs; qw's ghost, novice MiHs
D:7 1 runed translucent door, Crazy Yiuf


Message History

The arrow hits the catoblepas but does no damage.
The catoblepas is lightly wounded.
You shoot an arrow.
The arrow hits the catoblepas but does no damage.
The catoblepas is lightly wounded.
You shoot an arrow.
The arrow hits the catoblepas but does no damage.
The catoblepas is lightly wounded.
You shoot an arrow. The arrow hits the catoblepas!
The catoblepas is moderately wounded.
You shoot an arrow. The arrow hits the catoblepas.
The catoblepas is moderately wounded.
The catoblepas gores you but does no damage.
You shoot an arrow.
The arrow hits the catoblepas but does no damage.
The catoblepas is moderately wounded.
The catoblepas gores you but does no damage.
You shoot an arrow. The arrow hits the catoblepas!
The catoblepas is heavily wounded.
The catoblepas closely misses you.
You shoot an arrow. The arrow hits the catoblepas.
The catoblepas is heavily wounded.
The catoblepas gores you!
You shoot an arrow. The arrow hits the catoblepas.
The catoblepas is heavily wounded.
You shoot an arrow. The arrow hits the catoblepas!
The catoblepas is severely wounded.
The catoblepas closely misses you.
You shoot an arrow. The arrow hits the catoblepas!!
The catoblepas is almost dead.
The catoblepas breathes a plume of calcifying dust at you.
The blast of calcifying dust hits you.
You shoot an arrow.
The arrow hits the catoblepas but does no damage.
The catoblepas is almost dead.
The catoblepas closely misses you.
You shoot an arrow. The arrow hits the catoblepas.
The catoblepas is almost dead.
The catoblepas gores you!!
You die...

#P##### ~~~~..? ### ###
~~~~..# # #.# ##~~~~..#
#.# #.~~~~..# ##### ..#
##.~~~~... %...# #.#
#.~.~~~... #.#+## ##.#
##%.~~~.## .%...####..#
#ยค.~~~~...
....#..###.#####@~~~.~...
......#....##.#.Y~~)~~.#.
#.8...#...........~~~~...
....#.#..........~~~~~~#.
......#...####.##.~~~~~#
.....#..... ####~~~~.##
#.+###....## #~~~~~~~ ..
...#.## ~~~~~~~ ....#.8
~.~~~.~


You could see a catoblepas.

Vanquished Creatures
  A two-headed ogre (D:8)
  A black mamba (Lair:1)
  Jeremiah (Lair:1)
  3 cane toads (Lair:1)
  A gargoyle (D:9)
  Psyche (D:8)
  2 komodo dragons (Lair:1)
  A polar bear (Lair:1)
  A vampire (D:9)
  5 yaks
  2 steam dragons (D:9)
  Menkaure (D:7)
  2 water moccasins
  An ice beast (D:5)
  3 sky beasts (D:9)
  2 ogres
  2 orc warriors (D:8)
  A black bear (Lair:1)
  4 centaurs
  4 phantoms
  8 bullfrogs
  A gnoll sergeant (D:7)
  8 scorpions
  3 killer bees (D:8)
  3 howler monkeys
  3 hounds
  5 jellies
  3 orc priests
  2 gnoll boudas (D:4)
  An iron imp (D:4)
  An iguana (D:6)
  8 orc wizards
  13 gnolls
  6 adders
  A shadow imp (D:7)
  4 ufetubi
  2 worms (D:4)
  3 dart slugs
  20 orcs
  7 ball pythons
  2 endoplasms
  A giant cockroach (D:3)
  3 goblins
  5 hobgoblins
  2 jackals (D:4)
  3 quokkas
  5 bats
  6 frilled lizards
  16 kobolds
  A rat (D:2)
185 creatures vanquished.

Vanquished Creatures (others)
  A scorpion (D:5)
1 creature vanquished.

Grand Total: 186 creatures vanquished

Notes
Turn   | Place    | Note
-------+----------+-------------------------------------------
     0 | D:1      | qw the Gargoyle Hunter began the quest for the Orb.
     0 | D:1      | Reached XP level 1. HP: 12/12 MP: 1/1
     0 | D:1      | 0 ||| qw: Version: 0.3-a-75-g829b12e
     0 | D:1      | 0 ||| qw: Game counter: 198
     0 | D:1      | 0 ||| qw: Melee chars always use a shield: true
     0 | D:1      | 0 ||| qw: God list: Okawaru
     0 | D:1      | 0 ||| qw: Allow faded altars: false
     0 | D:1      | 0 ||| qw: Do Orc after clearing Dungeon:15 true
     0 | D:1      | 0 ||| qw: Do second Lair branch before Depths: true
     0 | D:1      | 0 ||| qw: Lair rune preference: random
     0 | D:1      | 0 ||| qw: Goals: Normal
     0 | D:1      | 0 ||| PLANNING D:1-11
   147 | D:1      | Reached XP level 2. HP: 17/17 MP: 2/2
   455 | D:1      | 455 ||| UPGRADING to +0 helmet.
   460 | D:1      | 460 ||| UPGRADING to +0 ring mail.
   470 | D:1      | 470 ||| DROPPING +0 leather armour.
   471 | D:1      | 471 ||| UPGRADING to +4 ring of protection.
   472 | D:1      | 472 ||| READING scroll labelled EPNAEBB IC NUE.
   473 | D:1      | 473 ||| DROPPING scroll of butterflies.
   649 | D:2      | Reached skill level 1 in Armour
   649 | D:2      | Reached XP level 3. HP: 21/21 MP: 3/3
  1029 | D:2      | Reached skill level 5 in Ranged Weapons
  1270 | D:2      | 1270 ||| UPGRADING to +1 helmet.
  1280 | D:2      | 1280 ||| DROPPING +0 helmet.
  1281 | D:2      | 1281 ||| READING scroll labelled MUECI INEPHU.
  1282 | D:2      | 1282 ||| READING scroll labelled UDGHON WULIOXT.
  1283 | D:2      | 1283 ||| READING scroll labelled LEPLUCH HEITUAC.
  1286 | D:2      | 1286 ||| READING 3 scrolls labelled XEEMYCI PEXIUBLI.
  1287 | D:2      | 1287 ||| READING scroll labelled OLOLUE LUUNLITU.
  1288 | D:2      | 1288 ||| READING 2 scrolls of identify.
  1288 | D:2      | 1288 ||| IDENTIFYING fizzy amethyst potion
  1657 | D:3      | Found a radiant altar of Vehumet.
  1666 | D:3      | Found an ancient bone altar of Kikubaaqudgha.
  1667 | D:3      | Found a shimmering blue altar of Sif Muna.
  2016 | D:3      | 2016 ||| READING scroll labelled SEDOBY LEAN.
  2017 | D:3      | 2017 ||| DRINKING 2 sedimented black potions.
  2018 | D:3      | 2018 ||| READING 2 scrolls of identify.
  2018 | D:3      | 2018 ||| IDENTIFYING bubbling golden potion
  2019 | D:3      | 2019 ||| DROPPING potion of degeneration.
  2066 | D:4      | 2066 ||| PLANNING SEWER
  2083 | D:4      | Found a snail-covered altar of Cheibriados.
  2092 | D:4      | Reached skill level 3 in Fighting
  2092 | D:4      | Reached XP level 4. HP: 17/28 MP: 4/4
  2369 | D:4      | Reached XP level 5. HP: 20/32 MP: 5/5
  2435 | D:4      | Noticed an ogre
  2436 | D:4      | 2436 ||| RETREATING.
  2446 | D:4      | Killed an ogre
  2447 | D:4      | Reached skill level 6 in Ranged Weapons
  2451 | D:4      | Reached XP level 6. HP: 24/38 MP: 6/6
  2522 | D:4      | Found Ciprumox's Magic Scroll Shop.
  2525 | D:4      | 2525 ||| BUYING scroll of identify (28 gold).
  2525 | D:4      | Bought a scroll of identify for 28 gold pieces
  2525 | D:4      | 2525 ||| BUYING scroll of identify (28 gold).
  2525 | D:4      | Bought a scroll of identify for 28 gold pieces
  2525 | D:4      | 2525 ||| BUYING scroll of identify (28 gold).
  2525 | D:4      | Bought a scroll of identify for 28 gold pieces
  2525 | D:4      | 2525 ||| BUYING scroll of identify (28 gold).
  2525 | D:4      | Bought a scroll of identify for 28 gold pieces
  2545 | D:4      | 2545 ||| Stepping ~*~*~tactically~*~*~ (retreating).
  2557 | D:4      | HP: 9/38 [gnoll/+0 flail[a gnoll bouda] (6)]
  2558 | D:4      | 2558 ||| READING scroll of teleportation.
  2801 | D:4      | 2801 ||| Stepping ~*~*~tactically~*~*~ (retreating).
  2812 | D:4      | 2812 ||| RIP SEWER
  2813 | D:4      | 2813 ||| PLANNING D:1-11
  2823 | D:4      | 2823 ||| FLEEEEING.
  2824 | D:4      | 2824 ||| FLEEEEING.
  2839 | D:4      | Reached skill level 7 in Ranged Weapons
  3010 | D:4      | Reached XP level 7. HP: 43/43 MP: 7/7
  3057 | D:4      | Found a hazy altar of Hepliaklqana.
  3191 | D:4      | 3191 ||| DROPPING ring of magical power.
  3192 | D:4      | 3192 ||| READING scroll labelled YMUMOI DUYFFUN.
  3193 | D:4      | 3193 ||| DRINKING 2 golden potions.
  3194 | D:4      | 3194 ||| READING 5 scrolls of identify.
  3194 | D:4      | 3194 ||| IDENTIFYING sapphire potion
  3206 | D:5      | Entered Level 5 of the Dungeon
  3244 | D:5      | Found a white marble altar of Elyvilon.
  3289 | D:5      | 3289 ||| Stepping ~*~*~tactically~*~*~ (retreating).
  3305 | D:5      | Reached skill level 8 in Ranged Weapons
  3462 | D:5      | Reached XP level 8. HP: 50/50 MP: 8/8
  3595 | D:5      | Found a hide-covered altar of Uskayaw.
  3652 | D:5      | Found a burning altar of Makhleb.
  3754 | D:5      | Found a bloodstained altar of Trog.
  3760 | D:5      | Found a runed translucent gate.
  3760 | D:5      | Found a runed translucent gate.
  3760 | D:5      | Found a runed translucent gate.
  3761 | D:5      | Noticed qw's ghost (novice MiHs)
  3761 | D:5      | Noticed qw's ghost (novice MiHs)
  3762 | D:5      | Noticed qw's ghost (novice MiHs)
  3762 | D:5      | Noticed qw's ghost (amateur GrHs)
  3779 | D:5      | 3779 ||| Stepping ~*~*~tactically~*~*~ (outnumbered).
  3926 | D:5      | 3926 ||| SWAPPING to +0 orcbow.
  3927 | D:5      | 3927 ||| DROPPING +0 shortbow.
  4139 | D:5      | 4139 ||| DROPPING ring of wizardry.
  4140 | D:5      | 4140 ||| READING scroll labelled MUUTHEEPUE.
  4141 | D:5      | 4141 ||| READING scroll labelled WIABAOT CAMIUPH.
  4242 | D:5      | 4242 ||| READING scroll labelled LESTRU FAOJO.
  4243 | D:5      | 4243 ||| READING scroll labelled ERCHOM QEOGG.
  4278 | D:5      | 4278 ||| READING scroll labelled YVUAME LUGGE.
  4323 | D:6      | 4323 ||| STAIRDANCE
  4327 | D:6      | 4327 ||| STAIRDANCE
  4331 | D:6      | 4331 ||| STAIRDANCE
  4335 | D:6      | 4335 ||| STAIRDANCE
  4339 | D:6      | 4339 ||| STAIRDANCE
  4343 | D:6      | 4343 ||| STAIRDANCE
  4347 | D:6      | 4347 ||| STAIRDANCE
  4351 | D:6      | 4351 ||| STAIRDANCE
  4355 | D:6      | 4355 ||| STAIRDANCE
  4359 | D:6      | 4359 ||| STAIRDANCE
  4363 | D:6      | 4363 ||| STAIRDANCE
  4367 | D:6      | 4367 ||| STAIRDANCE
  4371 | D:6      | 4371 ||| STAIRDANCE
  4375 | D:6      | 4375 ||| STAIRDANCE
  4379 | D:6      | 4379 ||| STAIRDANCE
  4383 | D:6      | 4383 ||| STAIRDANCE
  4387 | D:6      | 4387 ||| STAIRDANCE
  4391 | D:6      | 4391 ||| STAIRDANCE
  4395 | D:6      | 4395 ||| STAIRDANCE
  4399 | D:6      | 4399 ||| STAIRDANCE
  4513 | D:6      | Reached skill level 9 in Ranged Weapons
  4586 | D:6      | Reached skill level 6 in Fighting
  4612 | D:6      | Found a shimmering altar of Xom.
  4674 | D:6      | Found a shadowy altar of Dithmenos.
  5022 | D:5      | Found a sparkling altar of Nemelex Xobeh.
  5094 | D:6      | Found a basalt altar of Yredelemnul.
  5322 | D:6      | 5322 ||| DROPPING scarf of harm.
  5335 | D:7      | 5335 ||| STAIRDANCE
  5341 | D:7      | 5341 ||| STAIRDANCE
  5437 | D:7      | 5437 ||| Stepping ~*~*~tactically~*~*~ (retreating).
  5438 | D:7      | 5438 ||| Stepping ~*~*~tactically~*~*~ (retreating).
  5450 | D:7      | 5450 ||| Stepping ~*~*~tactically~*~*~ (retreating).
  5465 | D:7      | Reached skill level 10 in Ranged Weapons
  5465 | D:7      | Reached XP level 9. HP: 35/55 MP: 9/9
  5682 | D:7      | Noticed Menkaure
  5691 | D:7      | Killed Menkaure
  5848 | D:7      | Found a staircase to the Ecumenical Temple.
  5849 | D:7      | 5849 ||| PLANNING TEMPLE
  6022 | D:7      | 6022 ||| DRINKING 5 potions of curing.
  6022 | D:7      | 6022 ||| (to cure confusion)
  6183 | D:7      | Found a runed translucent door.
  6184 | D:7      | Noticed Crazy Yiuf
  6237 | D:7      | 6237 ||| UPGRADING to +5 ring of evasion.
  6238 | D:7      | 6238 ||| READING 5 scrolls of identify.
  6238 | D:7      | 6238 ||| IDENTIFYING yellow potion
  6283 | D:8      | Noticed Psyche
  6285 | D:8      | Noticed a two-headed ogre
  6286 | D:8      | 6286 ||| RETREATING.
  6295 | D:8      | 6295 ||| Stepping ~*~*~tactically~*~*~ (retreating).
  6308 | D:8      | Killed a two-headed ogre
  6309 | D:8      | Reached skill level 11 in Ranged Weapons
  6318 | D:8      | Killed Psyche
  6319 | D:8      | Reached skill level 3 in Dodging
  6348 | D:8      | Reached XP level 10. HP: 42/63 MP: 10/10
  6487 | D:8      | Reached skill level 3 in Armour
  6552 | D:8      | 6552 ||| DRINKING 4 potions of curing.
  6552 | D:8      | 6552 ||| (to cure confusion)
  6564 | Temple   | Entered the Ecumenical Temple
  6565 | Temple   | 6565 ||| PLANNING OKAWARU WORSHIP
  6585 | Temple   | Became a worshipper of Warmaster Okawaru
  6586 | Temple   | 6586 ||| PLANNING D:1-11
  6905 | D:8      | You fall into a shaft and drop 2 floors!
  6905 | D:10     | Entered Level 10 of the Dungeon
  6927 | D:10     | 6927 ||| Stepping ~*~*~tactically~*~*~ (retreating).
  6928 | D:10     | 6928 ||| Stepping ~*~*~tactically~*~*~ (retreating).
  6931 | D:10     | 6931 ||| Stepping ~*~*~tactically~*~*~ (retreating).
  6936 | D:10     | 6936 ||| Stepping ~*~*~tactically~*~*~ (retreating).
  6937 | D:10     | 6937 ||| Stepping ~*~*~tactically~*~*~ (retreating).
  6938 | D:10     | 6938 ||| Stepping ~*~*~tactically~*~*~ (retreating).
  6940 | D:10     | Reached skill level 12 in Ranged Weapons
  6956 | D:10     | Reached * piety under Okawaru
  6957 | D:10     | 6957 ||| INVOKING Heroism.
  6962 | D:10     | HP: 14/64 [yak (7)]
  6963 | D:10     | 6963 ||| DRINKING potion of heal wounds.
  7109 | D:9      | 7109 ||| Stepping ~*~*~tactically~*~*~ (outnumbered).
  7110 | D:9      | 7110 ||| Stepping ~*~*~tactically~*~*~ (outnumbered).
  7111 | D:9      | 7111 ||| INVOKING Heroism.
  7124 | D:9      | Reached skill level 1 in Invocations
  7124 | D:9      | 7124 ||| Stepping ~*~*~tactically~*~*~ (cloud).
  7163 | D:9      | 7163 ||| INVOKING Heroism.
  7168 | D:9      | 7168 ||| Stepping ~*~*~tactically~*~*~ (cloud).
  7177 | D:9      | 7177 ||| Stepping ~*~*~tactically~*~*~ (cloud).
  7177 | D:9      | Noticed a gargoyle
  7180 | D:9      | Killed a gargoyle
  7182 | D:9      | 7182 ||| Stepping ~*~*~tactically~*~*~ (cloud).
  7209 | D:9      | 7209 ||| DRINKING 5 potions of curing.
  7209 | D:9      | 7209 ||| (to cure confusion)
  7213 | D:9      | Reached skill level 3 in Invocations
  7223 | D:9      | 7223 ||| Stepping ~*~*~tactically~*~*~ (water).
  7284 | D:9      | 7284 ||| READING scroll labelled MOOD HIMEOWAT.
  7309 | D:8      | Found a staircase to the Lair.
  7310 | D:8      | 7310 ||| INVOKING Heroism.
  7318 | D:8      | Reached skill level 13 in Ranged Weapons
  7432 | D:8      | 7432 ||| Stepping ~*~*~tactically~*~*~ (outnumbered).
  7435 | D:8      | 7435 ||| INVOKING Heroism.
  7442 | D:8      | 7442 ||| DRINKING 4 potions of curing.
  7442 | D:8      | 7442 ||| (to cure confusion)
  7531 | D:8      | 7531 ||| PLANNING LAIR
  7531 | D:8      | 7531 ||| DROPPING amulet of magic regeneration.
  7555 | Lair:1   | Entered Level 1 of the Lair of Beasts
  7561 | Lair:1   | Noticed a cane toad
  7562 | Lair:1   | 7562 ||| INVOKING Heroism.
  7576 | Lair:1   | 7576 ||| Stepping ~*~*~tactically~*~*~ (retreating).
  7577 | Lair:1   | 7577 ||| Stepping ~*~*~tactically~*~*~ (retreating).
  7578 | Lair:1   | 7578 ||| Stepping ~*~*~tactically~*~*~ (retreating).
  7579 | Lair:1   | 7579 ||| Stepping ~*~*~tactically~*~*~ (retreating).
  7580 | Lair:1   | 7580 ||| Stepping ~*~*~tactically~*~*~ (retreating).
  7581 | Lair:1   | 7581 ||| Stepping ~*~*~tactically~*~*~ (retreating).
  7582 | Lair:1   | 7582 ||| Stepping ~*~*~tactically~*~*~ (retreating).
  7583 | Lair:1   | 7583 ||| Stepping ~*~*~tactically~*~*~ (retreating).
  7586 | Lair:1   | 7586 ||| INVOKING Heroism.
  7590 | Lair:1   | Killed a cane toad
  7598 | Lair:1   | Reached skill level 9 in Fighting
  7598 | Lair:1   | Reached XP level 11. HP: 31/71 MP: 12/14
  7600 | Lair:1   | HP: 16/71 [polar bear (15)]
  7839 | Lair:1   | 7839 ||| INVOKING Heroism.
  7882 | Lair:1   | 7882 ||| INVOKING Heroism.
  7919 | Lair:1   | Noticed Jeremiah
  7947 | Lair:1   | 7947 ||| INVOKING Heroism.
  7956 | Lair:1   | 7956 ||| Stepping ~*~*~tactically~*~*~ (outnumbered).
  7961 | Lair:1   | 7961 ||| RETREATING.
  7963 | Lair:1   | 7963 ||| INVOKING Heroism.
  7975 | Lair:1   | HP: 4/71 [komodo dragon (22)]
  7976 | Lair:1   | 7976 ||| DRINKING potion of heal wounds.
  7978 | Lair:1   | Reached ** piety under Okawaru
  7983 | Lair:1   | Reached skill level 14 in Ranged Weapons
  7985 | Lair:1   | HP: 6/71 [Jeremiah/divine providence (14)]
  7990 | Lair:1   | Killed Jeremiah
  8089 | Lair:1   | Noticed a catoblepas
  8090 | Lair:1   | 8090 ||| INVOKING Heroism.
  8107 | Lair:1   | Slain by a catoblepas

Levels and vault maps discovered:
D:1:      dpeg_arrival_court, layout_rooms
D:2:      minmay_chambers_of_ones, layout_basic
D:3:      layout_loops_ring, grunt_temple_overflow_magic_moments
D:4:      layout_loops_ring, nicolae_hepliaklqana_hazy_memory, slow_altar_1,
          serial_shops, nicolae_shop_tiny_real_fake_doors,
          cheibrodos_sewer_entry_sluice
D:5:      layout_rooms, mainiacjoe_overflow_24_doors,
          nicolae_uskayaw_murder_on_the_dancefloor, trog_hazing_becter,
          nicolae_overflow_hidden_temple, serial_bayou, serial_bayou_lagoon_a,
          serial_bayou_pond_c, serial_bayou_shore_b, serial_bayou_pond_e,
          gammafunk_ghost_cemetery
D:6:      layout_gridville, overflow_temple_1_default, xom_teletrap_fun,
          kennysheep_mini
D:7:      layout_loops_ring, minmay_temple_entry_from_below_b, minmay_holes,
          uniq_crazy_yiuf_cottage, uniq_menkaure
D:8:      layout_basic, grunt_lair_entry_orc_guard_hut, uniq_psyche
D:9:      layout_long_grid, nicolae_gozag_cash_rules_everything_around_me,
          serial_shops, shop, hangedman_misty_isle
D:10:     layout_rooms, nicolae_qazlal_style_of_elements, tso_oasis_becter,
          minmay_misc_feat_x
Temple:   nicolae_temple_bog_church
Lair:1:   layout_chaotic_city, chequers_serial_rivers_large_a,
          lemuel_fruit_fields, grunt_megastairs_1, uniq_jeremiah

Skill      XL: |  1  2  3  4  5  6  7  8  9 10 11 |
---------------+----------------------------------+-----
Armour         | 1 2 3 |  3.5
Ranged Weapons | 5 6 7 8 10 11 13 14 | 14.0
Fighting       | 3 4 5 6 7 9 |  9.3
Dodging        | 2 3 4 |  4.1
Invocations    | 4 |  4.0
Stealth        | |  1.1

Action                     |  1- 3 |  4- 6 |  7- 9 | 10-12 || total
---------------------------+-------+-------+-------+-------++-------
   Fire: Shortbow          |   121 |   136 |   137 |       ||   394
         Orcbow            |       |       |   252 |   338 ||   590
 Invoke: Heroism           |       |       |       |    12 ||    12
    Use: Scroll            |     9 |     1 |     8 |     1 ||    19
         Potion            |     1 |       |     2 |     5 ||     8
 Armour: Ring mail         |    22 |    55 |   211 |   129 ||   417
         Leather armour    |     2 |       |       |       ||     2
  Dodge: Dodged            |    33 |    59 |   155 |   197 ||   444

Table legend:
 A = Non-vault XP
 B = Vault XP
 C = Vault XP percentage of total XP
 D = Non-vault monster count
 E = Vault monster count
 F = Vault count percentage of total count
                 A         B        C        D         E       F
            +---------+---------+-------+---------+---------+-------
      Total |    8416 |    3717 |  30.6 |     153 |      33 |  17.7
            +---------+---------+-------+---------+---------+-------
        D:1 |      17 |       0 |   0.0 |      11 |       0 |   0.0
        D:2 |      46 |       9 |  16.4 |      14 |       5 |  26.3
        D:3 |       9 |       0 |   0.0 |       6 |       0 |   0.0
        D:4 |     515 |      47 |   8.4 |      30 |       5 |  14.3
        D:5 |     994 |      10 |   1.0 |      13 |       6 |  31.6
        D:6 |     507 |       0 |   0.0 |      19 |       0 |   0.0
        D:7 |     989 |     165 |  14.3 |      27 |       1 |   3.6
        D:8 |    1785 |     961 |  35.0 |      17 |       6 |  26.1
        D:9 |     622 |     792 |  56.0 |       2 |       6 |  75.0
       D:10 |    1033 |       0 |   0.0 |       6 |       0 |   0.0
     Lair:1 |    1899 |    1733 |  47.7 |       8 |       4 |  33.3
            +---------+---------+-------+---------+---------+-------
